Laval Rocket vs Quebec Remparts

Created - Thursday, August 7, 2025 at 07:45

Goals
1 2 3 T
Laval Rocket 3 0 2 5
Quebec Remparts 1 2 4 7
Shots
1 2 3 T
Laval Rocket 10 4 10 24
Quebec Remparts 8 9 20 37

1st period

1. Laval Rocket , Martin Chromiak 1 (Olle Lycksell 1, Vasili Ponomarev 1) at 1:26
2. Laval Rocket , Martin Chromiak 2 (Olle Lycksell 2, Ethen Frank 1) at 10:55
3. Laval Rocket , Oliver Kapanen 1 (Martin Chromiak 1) at 11:25
4. Quebec Remparts , Adam Gaudette 4 (Fraser Minten 1) at 12:46 (PP)

Penalties :
Roman Schmidt (LAV) for Tripping (Minor) at 12:11

2nd period

5. Quebec Remparts , Kirby Dach 2 (Jorian Donovan 1, Dalibor Dvorsky 1) at 1:39
6. Quebec Remparts , Fraser Minten 4 (Adam Gaudette 2, Kevin Rooney 4) at 4:10

Penalties :
Colin Miller (LAV) for Tripping (Minor) at 8:11

3rd period

7. Laval Rocket , Vasili Ponomarev 1 (Olle Lycksell 3, Martin Chromiak 2) at 3:18
8. Quebec Remparts , Dalibor Dvorsky 1 (Jordan Dumais 1, Nick Cousins 1) at 6:31
9. Quebec Remparts , Paul Cotter 1 (Kirby Dach 1, Victor Olofsson 1) at 9:19 (PP)
10. Quebec Remparts , Kirby Dach 3 (Victor Olofsson 2, Brandt Clarke 1) at 9:56
11. Quebec Remparts , Paul Cotter 2 (Marc Staal 1, Victor Olofsson 3) at 17:36
12. Laval Rocket , Ethen Frank 3 (Colin Miller 1) at 19:47

Penalties :
Lian Bichsel (LAV) for Interference (Minor) at 9:06, Justin Hryckowian (LAV) for Hooking (Minor) at 12:50

Goalie Stats

Jet Greaves (LAV), 30 saves from 37 shots - (0.811), L, 1-2-0, 60:00 minutes
Jacob Fowler (QUE), 19 saves from 24 shots - (0.792), W, 1-0-0, 60:00 minutes

Players Stats for Laval Rocket

Player Name              G  A  P  +/- PIM S  H  SB GA TA FO     MP     PP MP  PK MP  
------------------------------------------------------------------------------------
                         0  0  0   0  0   0  0  0  0  0  0/0     0:00   0:00   0:00 
Arttu Hyry               0  0  0   1  0   1  1  0  2  1  1/5    23:51   0:00   1:59 
Colin Miller             0  1  1   4  2   1  0  3  0  0  0/0    25:39   0:00   1:36 
David Spacek             0  0  0  -3  0   0  1  0  0  0  0/0    19:00   0:00   2:20 
Dmitri Ovchinnikov       0  0  0   0  0   0  0  0  0  0  0/0     1:00   0:00   0:00 
Ethen Frank              1  1  2  -2  0   3  1  0  1  0  0/1    16:58   0:00   0:00 
Fyodor Svechkov          0  0  0   0  0   0  1  0  1  0  3/4    18:44   0:00   2:32 
Gleb Veremyev            0  0  0   0  0   0  0  0  0  0  0/0     2:59   0:00   0:28 
Justin Hryckowian        0  0  0   0  2   2  2  1  2  1  4/7    17:32   0:00   1:04 
Lian Bichsel             0  0  0   4  2   1  3  1  0  1  0/0    26:02   0:00   2:26 
Martin Chromiak          2  2  4   2  0   2  0  0  0  0  3/4    20:38   0:00   0:00 
Matt Stienburg           0  0  0   0  0   0  0  0  0  0  0/0     2:11   0:00   0:59 
Mikko Kokkonen           0  0  0  -1  0   1  0  0  0  1  0/0    14:35   0:00   0:14 
Oliver Kapanen           1  0  1  -1  0   4  0  2  1  2  6/15   22:28   0:00   0:00 
Olle Lycksell            0  3  3   1  0   2  1  0  0  0  0/0    15:15   0:00   0:00 
Roman Schmidt            0  0  0  -1  2   0  0  1  0  1  0/0    15:08   0:00   0:56 
Stephen Halliday         0  0  0  -2  0   4  3  2  0  0  7/11   19:04   0:00   2:12 
Tobias Bjornfot          0  0  0  -3  0   0  0  3  0  1  0/0    18:51   0:00   2:18 
Vasili Ponomarev         1  1  2   1  0   3  1  0  1  1  3/7    15:15   0:00   0:00 

Players Stats for Quebec Remparts

Player Name              G  A  P  +/- PIM S  H  SB GA TA FO     MP     PP MP  PK MP  
------------------------------------------------------------------------------------
                         0  0  0   0  0   0  0  0  0  0  0/0     0:00   0:00   0:00 
Adam Gaudette            1  1  2  -2  0   3  1  0  4  0  2/3    17:38   2:23   0:00 
Artem Duda               0  0  0   0  0   0  2  0  0  1  0/0    19:17   2:32   0:00 
Bradly Nadeau            0  0  0   0  0   2  1  0  1  0  0/0    14:01   0:00   0:00 
Brandt Clarke            0  1  1   0  0   0  1  1  0  1  0/0    25:29   2:14   0:00 
Calvin de Haan           0  0  0   0  0   0  0  2  0  2  0/0    25:33   2:14   0:00 
Dalibor Dvorsky          1  1  2   0  0   3  2  0  0  0  2/4    10:33   0:00   0:00 
Ethan Del Mastro         0  0  0   0  0   2  1  0  0  2  0/0    19:36   2:32   0:00 
Fraser Minten            1  1  2  -2  0   6  2  0  2  1  1/1    17:39   2:23   0:00 
Jordan Dumais            0  1  1   0  0   0  1  0  0  0  0/0    10:33   0:00   0:00 
Jorian Donovan           0  1  1   0  0   1  0  0  0  0  0/0    15:14   0:00   0:00 
Kevin Rooney             0  1  1  -2  0   2  1  0  0  0  7/16   17:21   2:23   0:00 
Kirby Dach               2  1  3   2  0   6  3  1  0  0  10/18  17:48   2:23   0:00 
Marc Staal               0  1  1   0  0   0  0  0  0  0  0/0    14:51   0:00   0:00 
Maros Jedlicka           0  0  0   0  0   0  2  0  1  1  0/0    10:33   0:00   0:00 
Nick Cousins             0  1  1   0  0   2  2  0  0  0  3/7    14:06   0:05   0:00 
Paul Cotter              2  0  2   2  0   3  3  0  0  0  1/1    17:43   2:18   0:00 
Sam Lafferty             0  0  0   0  0   4  1  0  1  0  1/1    14:17   0:00   0:00 
Victor Olofsson          0  3  3   2  0   3  0  1  0  0  0/3    17:48   2:23   0:00 

3 Stars

1 - Kirby Dach (QUE)
2 - Martin Chromiak (LAV)
3 - Paul Cotter (QUE)

Power Play

Laval Rocket - 0 on 0 Attempt(s) - 0.00%
Quebec Remparts - 2 on 4 Attempt(s) - 50.00%

Penalty Kill

Laval Rocket - 2 on 4 Attempt(s) - 50.00% - Score 0 goal in Penalty Kill
Quebec Remparts - 0 on 0 Attempt(s) - 0.00% - Score 0 goal in Penalty Kill

Team Stat

Laval Rocket - Hits : 14 - Faceoff Wins : 27 - Blocked Shots : 13 - Penalty Minutes : 8
Quebec Remparts - Hits : 23 - Faceoff Wins : 27 - Blocked Shots : 5 - Penalty Minutes : 0

Official

Referees : Cody Beach and Wes Mccauley
Linesman : Matt MacPherson and Travis Gawryletz

Game Notes

No Game Note

Laval Rocket

5 vs 5 Forward 
   Center                   Left Wing                Right Wing               Time % Phy DF OF 
 1 Justin Hryckowian        Fyodor Svechkov          Arttu Hyry               30     1   2  2  
 2 Stephen Halliday         Oliver Kapanen           Ethen Frank              30     1   2  2  
 3 Vasili Ponomarev         Martin Chromiak          Olle Lycksell            25     1   2  2  
 4 Oliver Kapanen           Arttu Hyry               Martin Chromiak          15     1   2  2  

5 vs 5 Defense 
   Defense                  Defense                                           Time % Phy DF OF 
 1 Lian Bichsel             Colin Miller                                      30     1   2  2  
 2 Tobias Bjornfot          David Spacek                                      30     1   2  2  
 3 Mikko Kokkonen           Roman Schmidt                                     25     1   2  2  
 4 Lian Bichsel             Colin Miller                                      15     1   2  2  

PowerPlay Forward 
   Center                   Left Wing                Right Wing               Time % Phy DF OF 
 1 Justin Hryckowian        Fyodor Svechkov          Arttu Hyry               50     1   2  2  
 2 Stephen Halliday         Oliver Kapanen           Ethen Frank              50     1   2  2  

PowerPlay Defense
   Defense                  Defense                                           Time % Phy DF OF 
 1 Lian Bichsel             Colin Miller                                      50     1   2  2  
 2 Tobias Bjornfot          David Spacek                                      50     1   2  2  

Penalty Kill 4 Players Forward 
   Center                   Wing                     Time % Phy DF OF 
 1 Arttu Hyry               Justin Hryckowian        50     1   2  2  
 2 Fyodor Svechkov          Stephen Halliday         50     1   2  2  

Penalty Kill 4 Players Defense
   Defense                  Defense                  Time % Phy DF OF 
 1 Lian Bichsel             Colin Miller             50     1   2  2  
 2 Tobias Bjornfot          David Spacek             50     1   2  2  

Penalty Kill - 3 Players Forward 
   Forward                                           Time % Phy DF OF 
 1 Arttu Hyry                                        50     1   2  2  
 2 Justin Hryckowian                                 50     1   2  2  

Penalty Kill - 3 Players Defense
   Defense                  Defense                  Time % Phy DF OF 
 1 Lian Bichsel             Colin Miller             50     1   2  2  
 2 Tobias Bjornfot          David Spacek             50     1   2  2  

4 vs 4 Forward 
   Center                   Wing                     Time % Phy DF OF 
 1 Arttu Hyry               Justin Hryckowian        50     1   2  2  
 2 Fyodor Svechkov          Stephen Halliday         50     1   2  2  

4 vs 4 Defense
   Defense                  Defense                  Time % Phy DF OF 
 1 Lian Bichsel             Colin Miller             50     1   2  2  
 2 Tobias Bjornfot          David Spacek             50     1   2  2  

Last Minutes Offensive
   Center                   Left Wing                Right Wing               Defense                  Defense                  
   Justin Hryckowian        Fyodor Svechkov          Arttu Hyry               Lian Bichsel             Colin Miller             

Last Minutes Defensive
   Center                   Left Wing                Right Wing               Defense                  Defense                  
   Justin Hryckowian        Fyodor Svechkov          Arttu Hyry               Lian Bichsel             Colin Miller             

Goaltenders
Starting : Jet Greaves              
Backup : Alexei Kolosov           

Extra Forwards
Normal : Gleb Veremyev, Dmitri Ovchinnikov, Matt Stienburg - PP : Gleb Veremyev, Dmitri Ovchinnikov - PK : Matt Stienburg
Extra Defensemen
Normal : Mikko Kokkonen, Roman Schmidt, Tobias Bjornfot - PP : Mikko Kokkonen - PK : Roman Schmidt, Tobias Bjornfot
Penalty Shots
Arttu Hyry, Justin Hryckowian, Fyodor Svechkov, Stephen Halliday, Ethen Frank

Scratches
Mikulas Hovorka (Healthy), Trey Taylor (Healthy), Zach Sawchenko (Healthy), Calle Clang (Healthy), Callum Tung (Healthy)
Pavel Cajan (Healthy)

Quebec Remparts

5 vs 5 Forward 
   Center                   Left Wing                Right Wing               Time % Phy DF OF 
 1 Kirby Dach               Paul Cotter              Victor Olofsson          30     1   2  2  
 2 Kevin Rooney             Fraser Minten            Adam Gaudette            30     1   2  2  
 3 Nick Cousins             Bradly Nadeau            Sam Lafferty             25     1   2  2  
 4 Dalibor Dvorsky          Maros Jedlicka           Jordan Dumais            15     1   2  2  

5 vs 5 Defense 
   Defense                  Defense                                           Time % Phy DF OF 
 1 Calvin de Haan           Brandt Clarke                                     30     1   2  2  
 2 Ethan Del Mastro         Artem Duda                                        30     1   2  2  
 3 Jorian Donovan           Marc Staal                                        25     1   2  2  
 4 Calvin de Haan           Brandt Clarke                                     15     1   2  2  

PowerPlay Forward 
   Center                   Left Wing                Right Wing               Time % Phy DF OF 
 1 Kirby Dach               Paul Cotter              Victor Olofsson          50     1   2  2  
 2 Kevin Rooney             Fraser Minten            Adam Gaudette            50     1   2  2  

PowerPlay Defense
   Defense                  Defense                                           Time % Phy DF OF 
 1 Calvin de Haan           Brandt Clarke                                     50     1   2  2  
 2 Ethan Del Mastro         Artem Duda                                        50     1   2  2  

Penalty Kill 4 Players Forward 
   Center                   Wing                     Time % Phy DF OF 
 1 Kirby Dach               Paul Cotter              50     1   2  2  
 2 Victor Olofsson          Adam Gaudette            50     1   2  2  

Penalty Kill 4 Players Defense
   Defense                  Defense                  Time % Phy DF OF 
 1 Calvin de Haan           Brandt Clarke            50     1   2  2  
 2 Ethan Del Mastro         Artem Duda               50     1   2  2  

Penalty Kill - 3 Players Forward 
   Forward                                           Time % Phy DF OF 
 1 Kirby Dach                                        50     1   2  2  
 2 Paul Cotter                                       50     1   2  2  

Penalty Kill - 3 Players Defense
   Defense                  Defense                  Time % Phy DF OF 
 1 Calvin de Haan           Brandt Clarke            50     1   2  2  
 2 Ethan Del Mastro         Artem Duda               50     1   2  2  

4 vs 4 Forward 
   Center                   Wing                     Time % Phy DF OF 
 1 Kirby Dach               Paul Cotter              50     1   2  2  
 2 Victor Olofsson          Adam Gaudette            50     1   2  2  

4 vs 4 Defense
   Defense                  Defense                  Time % Phy DF OF 
 1 Calvin de Haan           Brandt Clarke            50     1   2  2  
 2 Ethan Del Mastro         Artem Duda               50     1   2  2  

Last Minutes Offensive
   Center                   Left Wing                Right Wing               Defense                  Defense                  
   Kirby Dach               Paul Cotter              Victor Olofsson          Calvin de Haan           Brandt Clarke            

Last Minutes Defensive
   Center                   Left Wing                Right Wing               Defense                  Defense                  
   Kirby Dach               Paul Cotter              Victor Olofsson          Calvin de Haan           Brandt Clarke            

Goaltenders
Starting : Jacob Fowler             
Backup : Devon Levi               

Extra Forwards
Normal : Nick Cousins, Bradly Nadeau, Sam Lafferty - PP : Nick Cousins, Bradly Nadeau - PK : Sam Lafferty
Extra Defensemen
Normal : Jorian Donovan, Marc Staal, Ethan Del Mastro - PP : Jorian Donovan - PK : Marc Staal, Ethan Del Mastro
Penalty Shots
Kirby Dach, Paul Cotter, Victor Olofsson, Adam Gaudette, Kevin Rooney

Scratches
Artur Akhtyamov (Healthy)

% Time on Ice - Laval Rocket

Lines # - Real PCT - Wanted PCT - Time Play
Normal Forward
1 - 30% - 30% - 16:34
2 - 32% - 30% - 17:33
3 - 28% - 25% - 15:15
4 - 11% - 15% - 5:52
Normal Defense
1 - 29% - 30% - 15:49
2 - 30% - 30% - 16:50
3 - 27% - 25% - 14:47
4 - 14% - 15% - 7:48
PP Forward
1 - 0% - 50%
2 - 0% - 50%
PP Defense
1 - 0% - 50%
2 - 0% - 50%
PK Forward
1 - 54% - 50% - 2:34
2 - 46% - 50% - 2:12
PK Defense
1 - 51% - 50% - 2:26
2 - 49% - 50% - 2:20
PK3 Forward
1 - 0% - 50%
2 - 0% - 50%
PK3 Defense
1 - 0% - 50%
2 - 0% - 50%
44 Forward
1 - 0% - 50%
2 - 0% - 50%
44 Defense
1 - 0% - 50%
2 - 0% - 50%
Last Minute Offensive  - 0:00
Last Minute Defensive  - 0:00
Total
Forward - 60:00
Defense - 60:00

% Time on Ice - Quebec Remparts

Lines # - Real PCT - Wanted PCT - Time Play
Normal Forward
1 - 28% - 30% - 15:25
2 - 28% - 30% - 15:27
3 - 25% - 25% - 13:49
4 - 19% - 15% - 10:33
Normal Defense
1 - 30% - 30% - 16:40
2 - 31% - 30% - 17:10
3 - 27% - 25% - 14:49
4 - 12% - 15% - 6:35
PP Forward
1 - 50% - 50% - 2:23
2 - 50% - 50% - 2:23
PP Defense
1 - 47% - 50% - 2:14
2 - 53% - 50% - 2:32
PK Forward
1 - 0% - 50%
2 - 0% - 50%
PK Defense
1 - 0% - 50%
2 - 0% - 50%
PK3 Forward
1 - 0% - 50%
2 - 0% - 50%
PK3 Defense
1 - 0% - 50%
2 - 0% - 50%
44 Forward
1 - 0% - 50%
2 - 0% - 50%
44 Defense
1 - 0% - 50%
2 - 0% - 50%
Last Minute Offensive  - 0:00
Last Minute Defensive  - 0:00
Total
Forward - 60:00
Defense - 60:00

Play-by-Play

1st period


0:01 of 1st period - Kirby Dach wins face-off versus Fyodor Svechkov in neutral zone.
0:14 of 1st period - Snap shot by Arttu Hyry.
0:14 of 1st period - Shot Misses the Net.
0:16 of 1st period - Slapshot by Lian Bichsel.
0:16 of 1st period - Stopped by Jacob Fowler with a rebound.
0:36 of 1st period - Icing by Tobias Bjornfot.
0:37 of 1st period - Sam Lafferty wins face-off versus Stephen Halliday in Laval Rocket zone.
1:04 of 1st period - Tobias Bjornfot is hit by Dalibor Dvorsky.
1:22 of 1st period - Slapshot by Vasili Ponomarev.
1:22 of 1st period - Deflect By Fraser Minten.
1:22 of 1st period - Stopped by Jacob Fowler with a rebound.
1:24 of 1st period - Snap shot by Olle Lycksell.
1:24 of 1st period - Shot Misses the Net.
1:26 of 1st period - Wrist shot by Martin Chromiak.
1:26 of 1st period - Goal by Martin Chromiak - Laval Rocket : 1 - Quebec Remparts : 0.
1:27 of 1st period - Kirby Dach wins face-off versus Vasili Ponomarev in neutral zone.
1:41 of 1st period - Snap shot by Victor Olofsson.
1:41 of 1st period - Shot Misses the Net.
1:58 of 1st period - Snap shot by Nick Cousins.
1:58 of 1st period - Shot Misses the Net.
2:14 of 1st period - Snap shot by Oliver Kapanen.
2:14 of 1st period - Shot Misses the Net.
2:18 of 1st period - Snap shot by Ethen Frank.
2:18 of 1st period - Stopped by Jacob Fowler without a rebound.
2:19 of 1st period - Dalibor Dvorsky wins face-off versus Oliver Kapanen in Quebec Remparts zone.
2:30 of 1st period - Wrist shot by Jordan Dumais.
2:30 of 1st period - Shot Misses the Net.
5:17 of 1st period - Icing by Oliver Kapanen.
5:18 of 1st period - Stephen Halliday wins face-off versus Kirby Dach in Laval Rocket zone.
5:38 of 1st period - Wrist shot by Olle Lycksell.
5:38 of 1st period - Shot Misses the Net.
5:48 of 1st period - Paul Cotter is hit by Arttu Hyry and loses puck.
5:57 of 1st period - Wrist shot by Fyodor Svechkov.
5:57 of 1st period - Shot Misses the Net.
6:28 of 1st period - Wrist shot by Olle Lycksell.
6:28 of 1st period - Shot Misses the Net.
6:40 of 1st period - Wrist shot by Fyodor Svechkov.
6:40 of 1st period - Shot Misses the Net.
7:22 of 1st period - Slapshot by Vasili Ponomarev.
7:22 of 1st period - Deflect By Olle Lycksell.
7:22 of 1st period - Stopped by Jacob Fowler with a rebound.
7:36 of 1st period - Arttu Hyry is hit by Kirby Dach.
8:25 of 1st period - Oliver Kapanen is hit by Paul Cotter and loses puck.
8:44 of 1st period - Snap shot by Bradly Nadeau.
8:44 of 1st period - Shot Blocked by Justin Hryckowian.
9:36 of 1st period - Arttu Hyry is hit by Artem Duda and loses puck.
9:41 of 1st period - Snap shot by Sam Lafferty.
9:41 of 1st period - Stopped by Jet Greaves without a rebound.
9:42 of 1st period - Nick Cousins wins face-off versus Vasili Ponomarev in Laval Rocket zone.
9:53 of 1st period - Sam Lafferty is hit by Vasili Ponomarev and loses puck.
10:04 of 1st period - Wrist shot by Oliver Kapanen.
10:04 of 1st period - Deflect By Sam Lafferty.
10:04 of 1st period - Stopped by Jacob Fowler without a rebound.
10:05 of 1st period - Stephen Halliday wins face-off versus Kevin Rooney in Quebec Remparts zone.
10:11 of 1st period - Off-side.
10:12 of 1st period - Oliver Kapanen wins face-off versus Kevin Rooney in neutral zone.
10:53 of 1st period - Slapshot by Olle Lycksell.
10:53 of 1st period - Shot Misses the Net.
10:55 of 1st period - Snap shot by Martin Chromiak.
10:55 of 1st period - Goal by Martin Chromiak - Laval Rocket : 2 - Quebec Remparts : 0.
10:56 of 1st period - Oliver Kapanen wins face-off versus Kirby Dach in neutral zone.
11:01 of 1st period - Snap shot by Arttu Hyry.
11:01 of 1st period - Stopped by Jacob Fowler without a rebound.
11:02 of 1st period - Kirby Dach wins face-off versus Oliver Kapanen in Quebec Remparts zone.
11:09 of 1st period - Snap shot by Kirby Dach.
11:09 of 1st period - Shot Misses the Net.
11:11 of 1st period - Backhand shot by Victor Olofsson.
11:11 of 1st period - Shot Blocked by Oliver Kapanen.
11:13 of 1st period - Wrist shot by Victor Olofsson.
11:13 of 1st period - Deflect By Kirby Dach.
11:13 of 1st period - Shot Misses the Net.
11:13 of 1st period - Puck is out of play.
11:14 of 1st period - Adam Gaudette wins face-off versus Oliver Kapanen in Laval Rocket zone.
11:17 of 1st period - Snap shot by Fraser Minten.
11:17 of 1st period - Deflect By Adam Gaudette.
11:17 of 1st period - Shot Blocked by Oliver Kapanen.
11:17 of 1st period - Puck is out of play.
11:18 of 1st period - Martin Chromiak wins face-off versus Kevin Rooney in Laval Rocket zone.
11:25 of 1st period - Snap shot by Oliver Kapanen.
11:25 of 1st period - Goal by Oliver Kapanen - Laval Rocket : 3 - Quebec Remparts : 0.
11:26 of 1st period - Oliver Kapanen wins face-off versus Kevin Rooney in neutral zone.
12:11 of 1st period - Minor Penalty to Roman Schmidt for Tripping.
12:12 of 1st period - Fyodor Svechkov wins face-off versus Kirby Dach in Laval Rocket zone.
12:20 of 1st period - Slapshot by Stephen Halliday.
12:20 of 1st period - Stopped by Jacob Fowler with a rebound.
12:40 of 1st period - Wrist shot by Fraser Minten.
12:40 of 1st period - Shot Blocked by Colin Miller.
12:42 of 1st period - Wrist shot by Fraser Minten.
12:42 of 1st period - Stopped by Jet Greaves without a rebound.
12:43 of 1st period - Adam Gaudette wins face-off versus Arttu Hyry in Laval Rocket zone.
12:46 of 1st period - Wrist shot by Fraser Minten.
12:46 of 1st period - Deflect By Adam Gaudette.
12:46 of 1st period - Goal by Adam Gaudette - Laval Rocket : 3 - Quebec Remparts : 1.
12:47 of 1st period - Oliver Kapanen wins face-off versus Victor Olofsson in neutral zone.
13:00 of 1st period - Snap shot by Oliver Kapanen.
13:00 of 1st period - Shot Misses the Net.
13:02 of 1st period - Slapshot by Lian Bichsel.
13:02 of 1st period - Shot Blocked by Victor Olofsson.
13:34 of 1st period - Nick Cousins is hit by Ethen Frank and loses puck.
14:11 of 1st period - Victor Olofsson is hit by David Spacek and loses puck.
14:22 of 1st period - Snap shot by Fraser Minten.
14:22 of 1st period - Stopped by Jet Greaves with a rebound.
15:02 of 1st period - Icing by Olle Lycksell.
15:03 of 1st period - Kirby Dach wins face-off versus Vasili Ponomarev in Laval Rocket zone.
15:14 of 1st period - Wrist shot by Victor Olofsson.
15:14 of 1st period - Shot Misses the Net.
15:28 of 1st period - Colin Miller is hit by Fraser Minten and loses puck.
15:59 of 1st period - Snap shot by Bradly Nadeau.
15:59 of 1st period - Stopped by Jet Greaves without a rebound.
16:00 of 1st period - Stephen Halliday wins face-off versus Kirby Dach in Laval Rocket zone.
16:25 of 1st period - Lian Bichsel is hit by Jordan Dumais and loses puck.
16:52 of 1st period - Vasili Ponomarev is hit by Artem Duda and loses puck.
16:57 of 1st period - Wrist shot by Nick Cousins.
16:57 of 1st period - Shot Misses the Net.
16:59 of 1st period - Slapshot by Sam Lafferty.
16:59 of 1st period - Stopped by Jet Greaves with a rebound.
17:13 of 1st period - Stephen Halliday is hit by Kevin Rooney and loses puck.
17:35 of 1st period - Brandt Clarke is hit by Justin Hryckowian and loses puck.
19:18 of 1st period - Wrist shot by Dalibor Dvorsky.
19:18 of 1st period - Shot Blocked by Roman Schmidt.
19:30 of 1st period - Slapshot by Fraser Minten.
19:30 of 1st period - Shot Misses the Net.
19:32 of 1st period - Snap shot by Adam Gaudette.
19:32 of 1st period - Stopped by Jet Greaves with a rebound.
19:34 of 1st period - Snap shot by Adam Gaudette.
19:34 of 1st period - Shot Blocked by Tobias Bjornfot.
19:36 of 1st period - Slapshot by Adam Gaudette.
19:36 of 1st period - Shot Misses the Net.
19:38 of 1st period - Slapshot by Jorian Donovan.
19:38 of 1st period - Stopped by Jet Greaves without a rebound.
19:39 of 1st period - Vasili Ponomarev wins face-off versus Nick Cousins in Laval Rocket zone.
Goals for this period are 3 for Laval Rocket vs 1 for Quebec Remparts.
Shots for this period are 10 for Laval Rocket vs 8 for Quebec Remparts.

2nd period


0:01 of 2nd period - Kirby Dach wins face-off versus Oliver Kapanen in neutral zone.
1:14 of 2nd period - Snap shot by Jordan Dumais.
1:14 of 2nd period - Shot Misses the Net.
1:39 of 2nd period - Wrist shot by Kirby Dach.
1:39 of 2nd period - Goal by Kirby Dach - Laval Rocket : 3 - Quebec Remparts : 2.
1:40 of 2nd period - Kevin Rooney wins face-off versus Oliver Kapanen in neutral zone.
1:43 of 2nd period - Wrist shot by Adam Gaudette.
1:43 of 2nd period - Shot Misses the Net.
2:31 of 2nd period - Jordan Dumais is hit by Stephen Halliday and loses puck.
3:16 of 2nd period - Wrist shot by Fraser Minten.
3:16 of 2nd period - Stopped by Jet Greaves with a rebound.
3:41 of 2nd period - Icing by Artem Duda.
3:42 of 2nd period - Dalibor Dvorsky wins face-off versus Stephen Halliday in Quebec Remparts zone.
3:42 of 2nd period - Dalibor Dvorsky is hit by Stephen Halliday.
4:06 of 2nd period - Wrist shot by Adam Gaudette.
4:06 of 2nd period - Shot Misses the Net.
4:08 of 2nd period - Slapshot by Fraser Minten.
4:08 of 2nd period - Shot Misses the Net.
4:10 of 2nd period - Wrist shot by Fraser Minten.
4:10 of 2nd period - Goal by Fraser Minten - Laval Rocket : 3 - Quebec Remparts : 3.
4:11 of 2nd period - Oliver Kapanen wins face-off versus Kirby Dach in neutral zone.
5:21 of 2nd period - Wrist shot by Dalibor Dvorsky.
5:21 of 2nd period - Shot Misses the Net.
5:23 of 2nd period - Snap shot by Jordan Dumais.
5:23 of 2nd period - Shot Misses the Net.
5:37 of 2nd period - Wrist shot by Kirby Dach.
5:37 of 2nd period - Stopped by Jet Greaves without a rebound.
5:38 of 2nd period - Justin Hryckowian wins face-off versus Kevin Rooney in Laval Rocket zone.
5:49 of 2nd period - Snap shot by Justin Hryckowian.
5:49 of 2nd period - Stopped by Jacob Fowler without a rebound.
5:50 of 2nd period - Kirby Dach wins face-off versus Vasili Ponomarev in Quebec Remparts zone.
5:57 of 2nd period - Slapshot by Paul Cotter.
5:57 of 2nd period - Deflect By Kirby Dach.
5:57 of 2nd period - Stopped by Jet Greaves with a rebound.
6:15 of 2nd period - Wrist shot by Ethen Frank.
6:15 of 2nd period - Shot Misses the Net.
6:17 of 2nd period - Wrist shot by Stephen Halliday.
6:17 of 2nd period - Deflect By Oliver Kapanen.
6:17 of 2nd period - Shot Blocked by Calvin de Haan.
6:17 of 2nd period - Puck is out of play.
6:18 of 2nd period - Stephen Halliday wins face-off versus Nick Cousins in Quebec Remparts zone.
6:29 of 2nd period - Snap shot by Oliver Kapanen.
6:29 of 2nd period - Stopped by Jacob Fowler with a rebound.
6:31 of 2nd period - Snap shot by Stephen Halliday.
6:31 of 2nd period - Stopped by Jacob Fowler with a rebound.
6:33 of 2nd period - Slapshot by Oliver Kapanen.
6:33 of 2nd period - Shot Misses the Net.
7:14 of 2nd period - Slapshot by Lian Bichsel.
7:14 of 2nd period - Shot Blocked by Kirby Dach.
7:35 of 2nd period - Snap shot by Dalibor Dvorsky.
7:35 of 2nd period - Deflect By Stephen Halliday.
7:35 of 2nd period - Stopped by Jet Greaves without a rebound.
7:36 of 2nd period - Justin Hryckowian wins face-off versus Adam Gaudette in Laval Rocket zone.
7:42 of 2nd period - Icing by Brandt Clarke.
7:43 of 2nd period - Justin Hryckowian wins face-off versus Kevin Rooney in Quebec Remparts zone.
7:52 of 2nd period - Slapshot by Justin Hryckowian.
7:52 of 2nd period - Stopped by Jacob Fowler without a rebound.
7:53 of 2nd period - Oliver Kapanen wins face-off versus Nick Cousins in Quebec Remparts zone.
8:11 of 2nd period - Minor Penalty to Colin Miller for Tripping.
8:12 of 2nd period - Kevin Rooney wins face-off versus Arttu Hyry in Laval Rocket zone.
8:14 of 2nd period - Wrist shot by Kevin Rooney.
8:14 of 2nd period - Stopped by Jet Greaves without a rebound.
8:15 of 2nd period - Kevin Rooney wins face-off versus Arttu Hyry in Laval Rocket zone.
8:22 of 2nd period - Slapshot by Fraser Minten.
8:22 of 2nd period - Stopped by Jet Greaves with a rebound.
8:59 of 2nd period - Adam Gaudette is hit by Lian Bichsel and loses puck.
10:11 of 2nd period - Penalty to Colin Miller is over, Colin Miller is back on ice.
10:36 of 2nd period - Nick Cousins is hit by Lian Bichsel and loses puck.
10:47 of 2nd period - Lian Bichsel is hit by Brandt Clarke and loses puck.
10:58 of 2nd period - Oliver Kapanen is hit by Dalibor Dvorsky and loses puck.
11:55 of 2nd period - Ethen Frank is hit by Maros Jedlicka and loses puck.
12:36 of 2nd period - Paul Cotter is hit by Stephen Halliday and loses puck.
13:25 of 2nd period - Stephen Halliday is hit by Maros Jedlicka and loses puck.
14:38 of 2nd period - Mikko Kokkonen is hit by Adam Gaudette.
16:31 of 2nd period - Oliver Kapanen is hit by Kirby Dach and loses puck.
16:50 of 2nd period - Vasili Ponomarev is hit by Nick Cousins and loses puck.
18:13 of 2nd period - Olle Lycksell is hit by Sam Lafferty and loses puck.
18:37 of 2nd period - Kevin Rooney is hit by Justin Hryckowian and loses puck.
18:48 of 2nd period - Gleb Veremyev is hit by Paul Cotter and loses puck.
18:53 of 2nd period - Snap shot by Victor Olofsson.
18:53 of 2nd period - Stopped by Jet Greaves with a rebound.
18:55 of 2nd period - Slapshot by Calvin de Haan.
18:55 of 2nd period - Shot Blocked by Lian Bichsel.
18:57 of 2nd period - Snap shot by Kirby Dach.
18:57 of 2nd period - Shot Misses the Net.
19:01 of 2nd period - Snap shot by Kirby Dach.
19:01 of 2nd period - Shot Blocked by Colin Miller.
19:21 of 2nd period - David Spacek is hit by Bradly Nadeau and loses puck.
Goals for this period are 0 for Laval Rocket vs 2 for Quebec Remparts.
Shots for this period are 4 for Laval Rocket vs 9 for Quebec Remparts.

3rd period


0:01 of 3rd period - Martin Chromiak wins face-off versus Kevin Rooney in neutral zone.
0:06 of 3rd period - Backhand shot by Martin Chromiak.
0:06 of 3rd period - Shot Misses the Net.
0:08 of 3rd period - Snap shot by Martin Chromiak.
0:08 of 3rd period - Shot Blocked by Calvin de Haan.
1:33 of 3rd period - Snap shot by Adam Gaudette.
1:33 of 3rd period - Stopped by Jet Greaves without a rebound.
1:34 of 3rd period - Stephen Halliday wins face-off versus Kirby Dach in Laval Rocket zone.
1:34 of 3rd period - Stephen Halliday is hit by Paul Cotter.
2:37 of 3rd period - Snap shot by Dalibor Dvorsky.
2:37 of 3rd period - Shot Blocked by Stephen Halliday.
2:39 of 3rd period - Slapshot by Ethan Del Mastro.
2:39 of 3rd period - Deflect By Oliver Kapanen.
2:39 of 3rd period - Stopped by Jet Greaves without a rebound.
2:40 of 3rd period - Stephen Halliday wins face-off versus Dalibor Dvorsky in Laval Rocket zone.
2:54 of 3rd period - Roman Schmidt is hit by Ethan Del Mastro and loses puck.
3:07 of 3rd period - Artem Duda is hit by Olle Lycksell and loses puck.
3:18 of 3rd period - Snap shot by Vasili Ponomarev.
3:18 of 3rd period - Goal by Vasili Ponomarev - Laval Rocket : 4 - Quebec Remparts : 3.
3:19 of 3rd period - Kirby Dach wins face-off versus Oliver Kapanen in neutral zone.
3:34 of 3rd period - Snap shot by Victor Olofsson.
3:34 of 3rd period - Stopped by Jet Greaves with a rebound.
4:16 of 3rd period - Snap shot by Nick Cousins.
4:16 of 3rd period - Stopped by Jet Greaves with a rebound.
5:14 of 3rd period - Slapshot by Adam Gaudette.
5:14 of 3rd period - Deflect By Stephen Halliday.
5:14 of 3rd period - Shot Misses the Net.
5:14 of 3rd period - Puck is out of play.
5:15 of 3rd period - Kevin Rooney wins face-off versus Ethen Frank in Laval Rocket zone.
5:26 of 3rd period - Slapshot by Adam Gaudette.
5:26 of 3rd period - Shot Blocked by Colin Miller.
5:28 of 3rd period - Wrist shot by Fraser Minten.
5:28 of 3rd period - Deflect By Kevin Rooney.
5:28 of 3rd period - Stopped by Jet Greaves with a rebound.
5:30 of 3rd period - Wrist shot by Adam Gaudette.
5:30 of 3rd period - Shot Misses the Net.
6:29 of 3rd period - Wrist shot by Dalibor Dvorsky.
6:29 of 3rd period - Shot Misses the Net.
6:31 of 3rd period - Slapshot by Dalibor Dvorsky.
6:31 of 3rd period - Goal by Dalibor Dvorsky - Laval Rocket : 4 - Quebec Remparts : 4.
6:32 of 3rd period - Kevin Rooney wins face-off versus Justin Hryckowian in neutral zone.
6:35 of 3rd period - Wrist shot by Fraser Minten.
6:35 of 3rd period - Stopped by Jet Greaves with a rebound.
6:37 of 3rd period - Snap shot by Kevin Rooney.
6:37 of 3rd period - Shot Blocked by Tobias Bjornfot.
7:02 of 3rd period - Slapshot by Fyodor Svechkov.
7:02 of 3rd period - Deflect By Justin Hryckowian.
7:02 of 3rd period - Shot Misses the Net.
7:02 of 3rd period - Puck is out of play.
7:03 of 3rd period - Stephen Halliday wins face-off versus Nick Cousins in Quebec Remparts zone.
7:08 of 3rd period - Slapshot by Oliver Kapanen.
7:08 of 3rd period - Shot Misses the Net.
7:26 of 3rd period - Wrist shot by Sam Lafferty.
7:26 of 3rd period - Stopped by Jet Greaves with a rebound.
7:28 of 3rd period - Wrist shot by Nick Cousins.
7:28 of 3rd period - Stopped by Jet Greaves without a rebound.
7:29 of 3rd period - Justin Hryckowian wins face-off versus Kirby Dach in Laval Rocket zone.
8:18 of 3rd period - Wrist shot by Ethen Frank.
8:18 of 3rd period - Shot Misses the Net.
8:20 of 3rd period - Slapshot by Colin Miller.
8:20 of 3rd period - Stopped by Jacob Fowler with a rebound.
8:22 of 3rd period - Slapshot by Stephen Halliday.
8:22 of 3rd period - Stopped by Jacob Fowler without a rebound.
8:23 of 3rd period - Martin Chromiak wins face-off versus Victor Olofsson in Quebec Remparts zone.
8:38 of 3rd period - Snap shot by Paul Cotter.
8:38 of 3rd period - Stopped by Jet Greaves with a rebound.
9:00 of 3rd period - Wrist shot by Bradly Nadeau.
9:00 of 3rd period - Stopped by Jet Greaves with a rebound.
9:06 of 3rd period - Minor Penalty to Lian Bichsel for Interference.
9:07 of 3rd period - Fyodor Svechkov wins face-off versus Victor Olofsson in Laval Rocket zone.
9:07 of 3rd period - Fyodor Svechkov is hit by Kirby Dach.
9:17 of 3rd period - Slapshot by Victor Olofsson.
9:17 of 3rd period - Deflect By Kirby Dach.
9:17 of 3rd period - Stopped by Jet Greaves with a rebound.
9:19 of 3rd period - Wrist shot by Paul Cotter.
9:19 of 3rd period - Goal by Paul Cotter - Laval Rocket : 4 - Quebec Remparts : 5.
9:20 of 3rd period - Kevin Rooney wins face-off versus Oliver Kapanen in neutral zone.
9:23 of 3rd period - Wrist shot by Adam Gaudette.
9:23 of 3rd period - Shot Misses the Net.
9:45 of 3rd period - Calvin de Haan is hit by Lian Bichsel and loses puck.
9:56 of 3rd period - Wrist shot by Kirby Dach.
9:56 of 3rd period - Goal by Kirby Dach - Laval Rocket : 4 - Quebec Remparts : 6.
9:57 of 3rd period - Kevin Rooney wins face-off versus Arttu Hyry in neutral zone.
10:12 of 3rd period - Snap shot by Oliver Kapanen.
10:12 of 3rd period - Stopped by Jacob Fowler without a rebound.
10:13 of 3rd period - Paul Cotter wins face-off versus Justin Hryckowian in Quebec Remparts zone.
10:38 of 3rd period - Lian Bichsel is hit by Nick Cousins and loses puck.
10:43 of 3rd period - Wrist shot by Sam Lafferty.
10:43 of 3rd period - Shot Misses the Net.
10:49 of 3rd period - Wrist shot by Sam Lafferty.
10:49 of 3rd period - Stopped by Jet Greaves with a rebound.
10:51 of 3rd period - Slapshot by Ethan Del Mastro.
10:51 of 3rd period - Stopped by Jet Greaves with a rebound.
11:53 of 3rd period - Wrist shot by Stephen Halliday.
11:53 of 3rd period - Shot Misses the Net.
11:55 of 3rd period - Slapshot by David Spacek.
11:55 of 3rd period - Deflect By Stephen Halliday.
11:55 of 3rd period - Stopped by Jacob Fowler without a rebound.
11:56 of 3rd period - Vasili Ponomarev wins face-off versus Kirby Dach in Quebec Remparts zone.
12:11 of 3rd period - Slapshot by Tobias Bjornfot.
12:11 of 3rd period - Deflect By Olle Lycksell.
12:11 of 3rd period - Shot Misses the Net.
12:11 of 3rd period - Puck is out of play.
12:12 of 3rd period - Fraser Minten wins face-off versus Stephen Halliday in Quebec Remparts zone.
12:23 of 3rd period - Slapshot by Ethen Frank.
12:23 of 3rd period - Stopped by Jacob Fowler with a rebound.
12:25 of 3rd period - Wrist shot by Ethen Frank.
12:25 of 3rd period - Shot Misses the Net.
12:47 of 3rd period - Off-side.
12:48 of 3rd period - Fyodor Svechkov wins face-off versus Kevin Rooney in neutral zone.
12:50 of 3rd period - Minor Penalty to Justin Hryckowian for Hooking.
12:51 of 3rd period - Arttu Hyry wins face-off versus Kevin Rooney in Laval Rocket zone.
13:38 of 3rd period - Arttu Hyry is hit by Fraser Minten and loses puck.
14:50 of 3rd period - Penalty to Justin Hryckowian is over, Justin Hryckowian is back on ice.
15:03 of 3rd period - Slapshot by Sam Lafferty.
15:03 of 3rd period - Shot Blocked by Tobias Bjornfot.
16:35 of 3rd period - Wrist shot by Dalibor Dvorsky.
16:35 of 3rd period - Stopped by Jet Greaves without a rebound.
16:36 of 3rd period - Vasili Ponomarev wins face-off versus Dalibor Dvorsky in Laval Rocket zone.
16:50 of 3rd period - Snap shot by Olle Lycksell.
16:50 of 3rd period - Shot Misses the Net.
16:52 of 3rd period - Snap shot by Olle Lycksell.
16:52 of 3rd period - Stopped by Jacob Fowler without a rebound.
16:53 of 3rd period - Nick Cousins wins face-off versus Justin Hryckowian in Quebec Remparts zone.
16:56 of 3rd period - Snap shot by Fyodor Svechkov.
16:56 of 3rd period - Shot Misses the Net.
17:20 of 3rd period - Snap shot by Oliver Kapanen.
17:20 of 3rd period - Shot Misses the Net.
17:22 of 3rd period - Slapshot by Mikko Kokkonen.
17:22 of 3rd period - Stopped by Jacob Fowler without a rebound.
17:23 of 3rd period - Kirby Dach wins face-off versus Stephen Halliday in Quebec Remparts zone.
17:32 of 3rd period - Snap shot by Victor Olofsson.
17:32 of 3rd period - Stopped by Jet Greaves with a rebound.
17:34 of 3rd period - Wrist shot by Marc Staal.
17:34 of 3rd period - Shot Blocked by Stephen Halliday.
17:36 of 3rd period - Snap shot by Paul Cotter.
17:36 of 3rd period - Goal by Paul Cotter - Laval Rocket : 4 - Quebec Remparts : 7.
17:37 of 3rd period - Kirby Dach wins face-off versus Oliver Kapanen in neutral zone.
17:44 of 3rd period - Wrist shot by Kirby Dach.
17:44 of 3rd period - Stopped by Jet Greaves with a rebound.
17:52 of 3rd period - Wrist shot by Martin Chromiak.
17:52 of 3rd period - Shot Blocked by Brandt Clarke.
18:04 of 3rd period - Brandt Clarke is hit by Fyodor Svechkov and loses puck.
18:34 of 3rd period - Snap shot by Jordan Dumais.
18:34 of 3rd period - Shot Misses the Net.
19:16 of 3rd period - Backhand shot by Vasili Ponomarev.
19:16 of 3rd period - Stopped by Jacob Fowler without a rebound.
19:17 of 3rd period - Kirby Dach wins face-off versus Martin Chromiak in Quebec Remparts zone.
19:47 of 3rd period - Slapshot by Ethen Frank.
19:47 of 3rd period - Goal by Ethen Frank - Laval Rocket : 5 - Quebec Remparts : 7.
19:48 of 3rd period - Nick Cousins wins face-off versus Oliver Kapanen in neutral zone.
Goals for this period are 2 for Laval Rocket vs 4 for Quebec Remparts.
Shots for this period are 10 for Laval Rocket vs 20 for Quebec Remparts.